 Dungeon Crawl Stone Soup version 0.23.2-1-ga50397a (webtiles) character file.

Game seed: 3980600092626093777

4926 kgeuens the Fighter (level 10, 0/91 HPs)
             Began as a Hill Orc Berserker on Apr 17, 2019.
             Was a High Priest of Trog.
             Slain by a spiny frog (10 damage)
             ... on level 1 of the Lair of Beasts on Apr 19, 2019.
             The game lasted 00:49:51 (6799 turns).

kgeuens the Fighter (Hill Orc Berserker)            Turns: 6799, Time: 00:49:52

Health: 0/91       AC: 25    Str: 32    XL:     10   Next: 52%
Magic:  10/10      EV:  7    Int:  7    God:    Trog [*****.]
Gold:   367        SH:  0    Dex: 10    Spells: 9/9 levels left

rFire    + . .     SeeInvis .   v - +4 flail (crush)
rCold    + . .     Gourm    .   (no shield)
rNeg     + + .     Faith    .   i - +0 crystal plate armour
rPois    +         Spirit   .   z - +0 helmet
rElec    .         Reflect  .   C - scarf {rC+ rF+}
rCorr    .         Harm     .   V - +2 pair of gloves "Xihilov" {rN+ Str+8 Stlth-}
MR       .....                  f - +0 pair of boots
Stlth    ..........             (no amulet)
HPRegen  0.25/turn              A - ring of positive energy
MPRegen  0.12/turn              D - ring of poison resistance

@: lethally poisoned (0 -> -4)
A: no striking features
a: Berserk, Trog's Hand, Brothers in Arms, Renounce Religion


You were on level 1 of the Lair of Beasts.
You worshipped Trog.
Trog was extremely pleased with you.
You were hungry.

You visited 3 branches of the dungeon, and saw 10 of its levels.

You collected 416 gold pieces.
You spent 49 gold pieces at shops.

Inventory:

Hand Weapons
 a - a +0 hand axe
 j - a +0 short sword
 k - a +3 dagger of venom
 r - a +0 hunting sling
 t - a +0 hunting sling
 v - a +4 flail of crushing (weapon)
 w - a +2 dagger of speed
 x - a +0 mace
 M - a +0 long sword
 Q - a +2 spear of piercing
 S - a +1 vampiric whip
 U - a +2 spear of flaming
Missiles
 g - 257 stones
 n - 4 tomahawks
 q - 133 bolts
 s - 2 throwing nets
 E - 43 sling bullets
 G - 3 steel tomahawks (quivered)
 H - 25 poisoned needles
Armour
 b - a +0 animal skin
 d - a +0 leather armour
 e - a +0 robe
 f - a +0 pair of boots (worn)
 i - a +0 crystal plate armour (worn)
 o - a +2 cloak
 y - a +0 scale mail
 z - a +0 helmet (worn)
 B - a +0 chain mail
 C - a scarf of resistance (worn)
 F - a +2 pair of gloves
 I - a +0 ring mail
 O - a +0 ring mail
 V - the +2 pair of gloves "Xihilov" (worn) {rN+ Str+8 Stlth-}
   (You found it on level 8 of the Dungeon)

   It affects your strength (+8).
   It protects you from negative energy.
   It makes you less stealthy.
Jewellery
 A - a ring of positive energy (left hand)
 D - a ring of poison resistance (right hand)
Wands
 J - a wand of disintegration (8)
 L - a wand of iceblast (11)
Scrolls
 h - 2 scrolls of remove curse
 m - 2 scrolls of fear
 N - a scroll of amnesia
 P - a scroll of enchant armour {unknown}
 R - 2 scrolls of identify
 W - 2 scrolls of teleportation
 X - a scroll of blinking {unknown}
Potions
 l - a potion of curing
 p - 2 potions of flight
 u - a potion of heal wounds {unknown}
 K - a potion of brilliance {unknown}
 T - 2 potions of haste {unknown}
Comestibles
 c - 15 rations


   Skills:
 + Level 9.3 Fighting
 + Level 6.7 Short Blades
 + Level 5.3(8.4) Axes
 + Level 8.4(8.9) Maces & Flails
 + Level 1.0 Throwing
 + Level 8.9 Armour
 + Level 1.8 Dodging
 + Level 0.6 Evocations


You had 9 spell levels left.
You didn't know any spells.
Your spell library was empty.

Dungeon Overview and Level Annotations

Branches:
Dungeon (8/15)             Temple (1/1) D:5            Lair (1/6) D:8

Altars:
Ashenzari
Cheibriados
Dithmenos
Elyvilon
Fedhas
Gozag
Hepliaklqana
Kikubaaqudgha
Makhleb
Nemelex Xobeh
Okawaru
Qazlal
Ru
Sif Muna
Trog
Uskayaw
Vehumet
Wu Jian
Xom
Yredelemnul
Zin
The Shining One

Shops:
D:6 [


Message History

You closely miss the spiny frog.
The spiny frog is moderately wounded.
You feel sick.
The spiny frog stings you but does no damage.
You closely miss the spiny frog.
The spiny frog is moderately wounded.
You feel sick.
The spiny frog stings you but does no damage.
You hit the spiny frog.
The spiny frog is moderately wounded.
You feel sick. The spiny frog stings you.
* * * LOW HITPOINT WARNING * * *
You hit the spiny frog.
The spiny frog is heavily wounded.
The spiny frog stings you!
* * * LOW HITPOINT WARNING * * *
You barely miss the spiny frog.
The spiny frog is heavily wounded.
You feel sick. The spiny frog stings you!
You die...

#.# .# #.#
##.#
#..#####..
##........
#.####.##
#..# #F##
#@# #.#
#.. ....
#....
#.....
#......
#.......


You could see a spiny frog.

Vanquished Creatures
  A spiny frog (Lair:1)
  2 hippogriffs
  Sigmund (D:4)
  7 yaks
  An orc warrior (D:8)
  A porcupine (D:8)
  3 black bears
  2 ogres (D:7)
  3 centaurs
  A big kobold (D:8)
  A wyvern zombie (D:6)
  A gnoll sergeant (D:8)
  7 bullfrogs
  5 killer bees (D:7)
  4 howler monkeys
  4 crimson imps
  A centaur zombie (D:7)
  3 hounds
  A quasit (D:8)
  2 orc priests
  A jelly (D:8)
  4 bullfrog zombies
  A centaur skeleton (D:6)
  5 orc wizards
  2 bullfrog skeletons
  Terence (D:2)
  2 iguanas
  5 worker ants
  A killer bee zombie (D:7)
  A hound skeleton (D:7)
  9 gnolls
  12 adders
  3 shadow imps
  An adder skeleton (D:8)
  2 worms
  2 dart slugs (D:2)
  5 leopard geckos
  13 orcs
  8 bats
  3 giant cockroaches
  3 hobgoblins
  12 jackals
  2 quokkas
  2 frilled lizards
  6 goblins
  12 kobolds
  A leopard gecko skeleton (D:4)
  A leopard gecko zombie (D:5)
  2 quokka skeletons
  A quokka zombie (D:5)
  6 rats
  A fungus (D:8)
181 creatures vanquished.

Vanquished Creatures (others)
  An orc wizard (D:4)
1 creature vanquished.

Grand Total: 182 creatures vanquished

Notes
Turn   | Place    | Note
-------+----------+-------------------------------------------
     0 | D:1      | kgeuens the Hill Orc Berserker began the quest for the Orb.
     0 | D:1      | Reached XP level 1. HP: 19/19 MP: 1/1
   131 | D:1      | Reached XP level 2. HP: 24/27 MP: 2/2
   215 | D:1      | Reached skill level 4 in Fighting
   285 | D:1      | Reached XP level 3. HP: 23/33 MP: 3/3
   432 | D:1      | Reached ** piety under Trog
   579 | D:2      | Reached skill level 5 in Axes
   579 | D:2      | Reached XP level 4. HP: 38/41 MP: 4/4
   649 | D:2      | Reached skill level 1 in Short Blades
  1013 | D:2      | Reached XP level 5. HP: 42/47 MP: 5/5
  1074 | D:2      | Noticed Terence
  1081 | D:2      | Killed Terence
  1081 | D:2      | Reached skill level 5 in Fighting
  1522 | D:3      | Found a sparkling altar of Nemelex Xobeh.
  1577 | D:3      | Reached skill level 6 in Fighting
  1597 | D:3      | Reached XP level 6. HP: 34/57 MP: 6/6
  1928 | D:3      | Found a burning altar of Makhleb.
  1928 | D:3      | Noticed a cacodemon
  1932 | D:3      | Noticed a hellwing
  1932 | D:3      | Noticed a ynoxinul
  2282 | D:4      | You fall through a shaft!
  2282 | D:5      | Entered Level 5 of the Dungeon
  2444 | D:4      | Reached *** piety under Trog
  3113 | D:4      | Noticed Sigmund
  3127 | D:4      | Reached XP level 7. HP: 64/64 MP: 7/7
  3135 | D:4      | Killed Sigmund
  3286 | D:5      | Found a shimmering altar of Xom.
  3473 | D:5      | Reached skill level 1 in Throwing
  3473 | D:5      | Reached skill level 5 in Armour
  3582 | D:5      | Found a staircase to the Ecumenical Temple.
  3591 | D:5      | Reached XP level 8. HP: 69/71 MP: 8/8
  3628 | Temple   | Entered the Ecumenical Temple
  4006 | D:5      | Reached skill level 5 in Short Blades
  4017 | D:5      | Found a blossoming altar of Fedhas.
  4421 | D:6      | Reached skill level 7 in Fighting
  4558 | D:6      | Found a shadowy altar of Dithmenos.
  4559 | D:6      | Found a white marble altar of Elyvilon.
  4559 | D:6      | Found a hide-covered altar of Uskayaw.
  4673 | D:6      | Reached **** piety under Trog
  4712 | D:6      | Found Paepuurgh's Armour Shoppe.
  4733 | D:6      | Bought a +0 pair of boots for 49 gold pieces
  4850 | D:6      | Found a sacrificial altar of Ru.
  5027 | D:6      | Found a deep blue altar of Sif Muna.
  5103 | D:7      | Reached skill level 1 in Maces & Flails
  5103 | D:7      | Reached XP level 9. HP: 70/79 MP: 9/9
  5245 | D:7      | HP: 2/80 [killer bee (4)]
  5273 | D:7      | HP: 4/81 [killer bee (2)]
  5278 | D:7      | HP: 3/81 [poisoned by a killer bee]
  5891 | D:7      | Reached skill level 8 in Fighting
  6145 | D:8      | Reached skill level 5 in Maces & Flails
  6267 | D:8      | Reached XP level 10. HP: 70/90 MP: 10/10
  6286 | D:8      | Reached ***** piety under Trog
  6307 | D:8      | Got a pair of heavily runed gloves
  6308 | D:8      | Identified the +2 pair of gloves "Xihilov" {rN+ Str+8
                  | Stlth-} (You found it on level 8 of the Dungeon)
  6364 | D:8      | Found a staircase to the Lair.
  6384 | Lair:1   | Entered Level 1 of the Lair of Beasts
  6427 | Lair:1   | Reached skill level 9 in Fighting
  6777 | Lair:1   | Noticed a spiny frog
  6779 | Lair:1   | Noticed a spiny frog
  6791 | Lair:1   | Killed a spiny frog
  6799 | Lair:1   | Slain by a spiny frog

Skill      XL: |  1  2  3  4  5  6  7  8  9 10 |
---------------+-------------------------------+-----
Fighting       | 4 6 7 8 9 |  9.3
Axes           | 5 |  5.3
Short Blades   | 1 3 4 6 |  6.7
Armour         | 3 5 7 8 |  8.9
Throwing       | 1 |  1.0
Maces & Flails | 1 6 8 |  8.4
Dodging        | |  1.8
Evocations     | |  0.6

Action                   |  1- 3 |  4- 6 |  7- 9 | 10-12 || total
-------------------------+-------+-------+-------+-------++-------
Melee: Hand axe          |    22 |       |       |       ||    22
       Dagger            |    39 |   204 |   302 |       ||   545
       Flail             |       |       |   254 |    70 ||   324
Throw: Stone             |       |     2 |       |       ||     2
       Tomahawk          |       |     3 |       |       ||     3
Invok: Berserk           |     1 |     4 |     3 |       ||     8
       Trog's Hand       |       |       |     1 |       ||     1
Evoke: Wand              |       |       |     3 |       ||     3
  Use: Scroll            |       |     3 |     7 |     1 ||    11
       Potion            |       |       |     4 |       ||     4
  Eat: Chunk             |       |     6 |     7 |     1 ||    14
       Ration            |       |     2 |     2 |       ||     4
Armor: Animal skin       |     3 |       |       |       ||     3
       Crystal plate arm |    47 |   176 |   614 |    78 ||   915
Dodge: Dodged            |    25 |    33 |   161 |    30 ||   249
